 Dungeon Crawl Stone Soup version 0.26-a0-831-g7192265339 (webtiles) character file.

Game seed: 12139945326398077620

7644 jiml777 the Thaumaturge (level 10, -8/51 HPs)
             Began as a Deep Elf Air Elementalist on Nov 16, 2020.
             Was a Believer of Sif Muna.
             Mangled by an unseen horror (11 damage)
             ... on level 10 of the Dungeon.
             The game lasted 01:41:48 (12915 turns).

jiml777 the Thaumaturge (DEAE)                     Turns: 12915, Time: 01:41:48

Health: -8/51      AC:  8    Str: 12    XL:     10   Next: 99%
Magic:  4/27       EV: 13    Int: 30    God:    Sif Muna [**....]
Gold:   400        SH:  5    Dex: 15    Spells: 14/31 levels left

rFire    + . .     SeeInvis .   m - staff of cold
rCold    + . .     Faith    .   z - +0 buckler
rNeg     . . .     Spirit   .   y - +2 robe {MR+}
rPois    .         Reflect  .   (no helmet)
rElec    .         Harm     .   B - +2 cloak {rCorr}
rCorr    +         Rampage  .   (no gloves)
MR       ++...                  J - +0 pair of boots
Stlth    ++........             F - amulet of Voerib {RegenMP Str+7}
HPRegen  0.17/turn              o - +6 ring of intelligence
MPRegen  0.45/turn              C - ring of protection from fire

@: no status effects
A: no striking features
a: Channel Magic, Renounce Religion


You were on level 10 of the Dungeon.
You worshipped Sif Muna.
Sif Muna was pleased with you.
You visited 2 branches of the dungeon, and saw 13 of its levels.
You also visited: Sewer.

You collected 688 gold pieces.
You spent 288 gold pieces at shops.

Inventory:

Hand Weapons
 b - a +5 dagger
Missiles
 g - 4 poisoned darts (quivered)
 h - 112 arrows
Armour
 e - the +3 ring mail of Utewn {rN+ Regen+}
   (You took it off a wight on level 8 of the Dungeon)

   It protects you from negative energy.
   It increases your rate of regeneration.
 y - a +2 robe of magic resistance (worn)
 z - a +0 buckler (worn)
 B - a +2 cloak of preservation (worn)
 I - a +0 troll leather armour
 J - a +0 pair of boots (worn)
Magical Staves
 m - an uncursed staff of cold (weapon)
Jewellery
 c - an uncursed amulet of reflection
 o - a +6 ring of intelligence (left hand)
 x - an uncursed amulet of guardian spirit
 C - a ring of protection from fire (right hand)
 D - an uncursed ring of ice
 F - the amulet of Voerib (around neck) {RegenMP Str+7}
   (You acquired it on level 9 of the Dungeon)

   [amulet of magic regeneration]

   It increases your magic regeneration.
   It affects your strength (+7).
 G - an uncursed ring of see invisible
Wands
 a - a wand of iceblast (7)
 s - a wand of random effects (8)
 v - a wand of enslavement (4)
 A - a wand of acid (7)
Scrolls
 d - 3 scrolls of fear
 f - 10 scrolls of teleportation
 i - 7 scrolls of remove curse
 j - 2 scrolls of amnesia
 H - a scroll of enchant weapon
Potions
 k - 4 potions of might
 l - a potion of magic
 n - 3 potions of curing
 p - a potion of brilliance
 q - a potion of cancellation
 r - 2 potions of berserk rage
 t - a potion of invisibility
 u - 3 potions of resistance
 w - 2 potions of mutation
 E - a potion of haste {unknown}


   Skills:
 - Level 0.4 Fighting
 - Level 3.0 Dodging
 - Level 3.4 Stealth
 - Level 3.0 Shields
 + Level 11.4 Spellcasting
 * Level 6.7 Conjurations
 * Level 6.4 Hexes
 * Level 4.6 Ice Magic
 + Level 8.9 Air Magic
 * Level 5.0 Invocations
 * Level 4.4 Evocations


You had 14 spell levels left.
You knew the following spells:

 Your Spells              Type           Power        Failure   Level
a - Shock                 Conj/Air       ####         1%          1
b - Swiftness             Air            ######..     1%          2
c - Static Discharge      Conj/Air       ######..     1%          3
d - Airstrike             Air            ######....   1%          4
e - Lightning Bolt        Conj/Air       ######....   3%          5
f - Ensorcelled Hibernat  Hex/Ice        ######       1%          2

Your spell library contained the following spells:

 Spells                   Type           Power        Failure   Level
 Silence                  Hex/Air        ######....   4%          5
 Borgnjor's Vile Clutch   Necr/Erth      ###.......   67%         5
 Shadow Creatures         Summ           N/A          99%         6


Dungeon Overview and Level Annotations

Branches:
Dungeon (12/15)            Temple (1/1) D:7           Sewer (visited)
   Lair: D:8-11         Orc: D:9-12

Altars:
Ashenzari
Cheibriados
Dithmenos
Elyvilon
Fedhas
Gozag
Hepliaklqana
Kikubaaqudgha
Makhleb
Nemelex Xobeh
Okawaru
Qazlal
Ru
Sif Muna
Trog
Uskayaw
Vehumet
Wu Jian
Xom
Yredelemnul
Zin
The Shining One

Shops:
D:8 [

Annotations:
D:8 2 transporters, jasper's ghost, novice KoHu
D:10 Psyche


Message History

The two-headed ogre closely misses you.
Casting: Airstrike (dangerous; 1% risk of failure)
Confirm with . or Enter, or press ? or * to list all spells.
Press: ? - help, Dir - move target cursor The air twists around and strikes something!
You block the two-headed ogre's attack. x2
The orc hits you but does no damage.
Casting: Airstrike (dangerous; 1% risk of failure)
Confirm with . or Enter, or press ? or * to list all spells.
Press: ? - help, Dir - move target cursor, f - vampire
Aim: a vampire, wielding a +0 shortbow and quivering 13 arrows (almost destroyed)
The air twists around and strikes the vampire!
You destroy the vampire!
Sif Muna accepts your kill. You block the orc's attack.
The two-headed ogre hits you with a +0 giant club!!
The two-headed ogre hits you with a +0 giant club!
* * * LOW HITPOINT WARNING * * *
Something hits you!
You die...

###).. ##### ##..# ###
....## ...# ..#
###..############..# #.#
................#..# #.#
#..############.##.###.#.#
#..# #..#.....#.# #..#
##.#..####.# #..##
#@.#..<...# ##..#
##.#...#### ##.# #..#..#
### ..# ##O#.)#... #.#
#o(#...## .. ##.#....# ..#
#......# ...
.B.)†)[#.....# ..# .....†.
...>.#


You could see a two-headed ogre and an orc.

Vanquished Creatures
  Josephine (D:10)
  A boulder beetle (D:10)
  A centaur zombie (D:11)
  Maurice (D:8)
  A kobold demonologist (D:10)
  A meliai (D:10)
  2 trolls
  A vampire (D:10)
  A wyvern (D:10)
  3 wraiths
  Grum (D:10)
  3 ice beasts
  An orc warrior (D:8)
  A phantom (D:4)
  A black bear (D:9)
  2 wolves (D:10)
  4 centaurs
  A big kobold (D:3)
  10 bullfrogs
  Blork the orc (D:4)
  3 scorpions
  8 wights (D:8)
  6 killer bees (D:10)
  4 howler monkeys
  6 hounds
  3 orc priests
  A bullfrog skeleton (D:7)
  A gnoll shaman (D:7)
  4 orc wizards
  4 iguanas
  5 worker ants
  A killer bee zombie (D:10)
  2 hound zombies
  A hound skeleton (D:8)
  A howler monkey zombie (D:7)
  A worker ant zombie (D:6)
  14 gnolls
  8 adders
  2 shadow imps
  A white imp (D:7)
  4 oozes
  An adder zombie (D:6)
  7 worms
  4 dart slugs
  10 leopard geckos
  23 orcs
  10 bats
  8 giant cockroaches
  10 goblins
  2 hobgoblins (D:3)
  11 jackals
  7 kobolds
  4 quokkas
  4 ball pythons
  9 frilled lizards
  A jackal zombie (D:7)
  A quokka zombie (D:6)
  6 rats
236 creatures vanquished.

Vanquished Creatures (others)
  A fungus (D:4)
1 creature vanquished.

Grand Total: 237 creatures vanquished

Notes
Turn   | Place    | Note
-------+----------+-------------------------------------------
     0 | D:1      | jiml777 the Deep Elf Air Elementalist began the quest for
                  | the Orb.
     0 | D:1      | Reached XP level 1. HP: 10/10 MP: 6/6
   453 | D:1      | Reached XP level 2. HP: 15/15 MP: 2/8
  1444 | D:2      | Reached XP level 3. HP: 19/19 MP: 6/10
  1447 | D:2      | Learned a level 2 spell: Swiftness
  1451 | D:2      | Learned a level 3 spell: Static Discharge
  2328 | D:3      | Noticed a big kobold
  2338 | D:3      | Killed a big kobold
  2339 | D:3      | Reached skill level 4 in Spellcasting
  2339 | D:3      | Reached XP level 4. HP: 16/24 MP: 2/12
  2609 | D:3      | Reached XP level 5. HP: 28/28 MP: 8/13
  2656 | D:3      | Learned a level 4 spell: Airstrike
  3096 | D:3      | HP: 1/28 [something/puff of flame (4)]
  3419 | D:3      | Reached skill level 5 in Spellcasting
  3532 | D:3      | Reached skill level 5 in Air Magic
  3536 | D:3      | Reached XP level 6. HP: 28/32 MP: 10/15
  4216 | D:4      | Noticed Blork the orc
  4222 | D:4      | Killed Blork the orc
  4311 | D:4      | Found a shimmering blue altar of Sif Muna.
  4319 | D:4      | Became a worshipper of Sif Muna the Loreminder
  4408 | D:4      | Learned a level 5 spell: Lightning Bolt
  4657 | D:4      | Reached skill level 6 in Spellcasting
  4849 | D:4      | Reached XP level 7. HP: 30/36 MP: 8/18
  5128 | D:5      | Entered Level 5 of the Dungeon
  5344 | D:5      | Found a glowing drain.
  5385 | Sewer    | Entered a sewer
  5550 | Sewer    | Reached * piety under Sif Muna
  6120 | Sewer    | Reached skill level 7 in Spellcasting
  6512 | D:5      | Found a snail-covered altar of Cheibriados.
  7065 | D:6      | Found a basalt altar of Yredelemnul.
  7070 | D:6      | Found a sparkling altar of Nemelex Xobeh.
  7085 | D:6      | Found a sacrificial altar of Ru.
  7089 | D:6      | Found a hide-covered altar of Uskayaw.
  7352 | D:6      | Reached skill level 1 in Invocations
  7528 | D:6      | Reached XP level 8. HP: 42/42 MP: 18/21
  7566 | D:6      | Learned a level 2 spell: Ensorcelled Hibernation
  7718 | D:6      | Reached skill level 1 in Hexes
  7850 | D:6      | Found a basalt altar of Yredelemnul.
  8050 | D:7      | Reached skill level 8 in Spellcasting
  8383 | D:7      | Found a staircase to the Ecumenical Temple.
  8438 | D:7      | Reached ** piety under Sif Muna
  8440 | Temple   | Entered the Ecumenical Temple
  9105 | D:7      | Reached skill level 1 in Ice Magic
  9107 | D:7      | Reached skill level 1 in Evocations
  9511 | D:8      | Found Oworen's Armour Boutique.
  9514 | D:8      | Bought a +2 robe of magic resistance for 230 gold pieces
  9514 | D:8      | Bought a +0 buckler for 58 gold pieces
  9593 | D:8      | Identified the +3 ring mail of Utewn {rN+ Regen+}
  9699 | D:8      | Noticed Maurice
  9705 | D:8      | Killed Maurice
  9706 | D:8      | Reached skill level 1 in Shields
  9706 | D:8      | Reached skill level 9 in Spellcasting
  9706 | D:8      | Reached XP level 9. HP: 22/46 MP: 1/24
 10128 | D:8      | Reached skill level 5 in Conjurations
 10954 | D:8      | Found a transporter.
 10957 | D:8      | Noticed jasper's ghost (novice KoHu)
 10979 | D:8      | Found a transporter.
 10982 | D:8      | Noticed a moth of wrath
 11149 | D:9      | Noticed a troll
 11313 | D:9      | You fall into a shaft and drop 3 floors!
 11411 | D:11     | Reached skill level 10 in Spellcasting
 11558 | D:11     | Noticed a cyclops
 11569 | D:10     | Entered Level 10 of the Dungeon
 11745 | D:9      | Identified a scroll of acquirement
 11745 | D:9      | Acquired the amulet of Voerib {RegenMP Str+7}
 11892 | D:9      | Killed a troll
 11893 | D:9      | Reached skill level 5 in Hexes
 11893 | D:9      | Reached XP level 10. HP: 51/51 MP: 13/26
 12128 | D:10     | Noticed Josephine
 12149 | D:10     | Killed Josephine
 12151 | D:10     | Identified the +9 lajatang "Ybbuwk" {freeze, +Inv MP+9}
 12152 | D:10     | Noticed a boulder beetle
 12380 | D:9      | Reached skill level 11 in Spellcasting
 12458 | D:10     | Killed a boulder beetle
 12459 | D:10     | Noticed Psyche
 12705 | D:10     | Reached skill level 5 in Invocations
 12755 | D:10     | Noticed Grum
 12764 | D:10     | Killed Grum
 12907 | D:10     | Noticed a two-headed ogre
 12911 | D:10     | HP: 2/51 [two-headed ogre/+0 giant club (14)]
 12915 | D:10     | Mangled by an unseen horror

Illustrated notes

Levels and vault maps discovered:
D:1:      wander_arrival_abandoned_jail, layout_basic, minmay_misc_feat_x,
          minivault_11, minmay_pentomino_z2
D:2:      lemuel_upstairs_altar, layout_basic
D:3:      layout_basic, guppyfry_early_orc_mine
D:4:      layout_basic, tgw_sif, serial_aquarium, aquarium_bridge_square
          [aquarium_subvault_bridge, aquarium_subvault_bridge,
          aquarium_subvault_window, aquarium_subvault_bridge],
          aquarium_window_fake, aquarium_window_corner, aquarium_view_2a,
          minmay_diced_spiral, uniq_blork_the_orc
D:5:      layout_loops_ring, lemuel_round_altar, portal_sewer_entry_d,
          kennysheep_potato
D:6:      layout_loops_cross, grunt_temple_overflow_cloverleaf,
          yredelemnul_altar_generic
D:7:      layout_loops_cross, minmay_temple_entry_tees
D:8:      layout_basic, gammafunk_ghost_berserking_beasts, serial_shops,
          kennysheep_mini, corner_web_ring, uniq_maurice
D:9:      layout_rooms, kennysheep_generic_room_13
D:10:     minmay_the_grid_triangle_9x9_rhombus_thin_mashed
          [minmay_the_grid_triangle_9x9_descending_squares,
          minmay_the_grid_triangle_9x9_prize_top_heavy,
          minmay_the_grid_triangle_9x9_zippers_horizontal,
          minmay_the_grid_triangle_9x9_tough_junction], layout_basic,
          serial_shops, shop_scrolls, interstate_on_off, uniq_psyche,
          uniq_erolcha, uniq_josephine, uniq_grum
D:11:     layout_big_octagon, erik_lair_orcish_takeover
D:12:     layout_rooms, david_orc_5, corexii_checkpoint_a,
          eino_small_chamber_without_monster, uniq_sonja
Temple:   eino_temple_scatter_basement

Skill      XL: |  1  2  3  4  5  6  7  8  9 10 |
---------------+-------------------------------+-----
Spellcasting   | 4 5 6 7 9 10 11 | 11.4
Conjurations   | 2 3 4 5 6 |  6.7
Air Magic      | 4 5 6 7 8 |  8.9
Stealth        | 3 |  3.4
Invocations    | 1 3 4 5 |  5.0
Hexes          | 3 5 6 |  6.4
Ice Magic      | 1 3 4 |  4.6
Evocations     | 1 3 4 |  4.4
Shields        | 1 2 3 |  3.0
Dodging        | 3 |  3.0
Fighting       | |  0.4

Action                   |  1- 3 |  4- 6 |  7- 9 | 10-12 || total
-------------------------+-------+-------+-------+-------++-------
Melee: Dagger            |       |    17 |       |       ||    17
       Staff             |       |       |     2 |       ||     2
 Cast: Shock             |    75 |    73 |   110 |     3 ||   261
       Airstrike         |       |    19 |   101 |    51 ||   171
       Lightning Bolt    |       |       |     7 |    12 ||    19
Invok: Channel Magic     |       |       |     4 |     4 ||     8
  Use: Scroll            |     7 |     3 |    16 |     2 ||    28
       Potion            |       |     2 |     3 |     2 ||     7
Armor: Robe              |     2 |     7 |     9 |     6 ||    24
Dodge: Dodged            |     7 |    11 |    29 |    24 ||    71
Block: Other             |       |     3 |    11 |       ||    14
       Reflection        |       |       |     5 |       ||     5
       Buckler           |       |       |    18 |    10 ||    28

Table legend: (Time is in decaauts)
 A = Elapsed time spent in this place.
 B = Non-inter-level travel time spent in this place.
 C = Inter-level travel time spent in this place.
 D = Time resting spent in this place.
 E = Time spent auto-exploring this place.
 F = Levels seen in this place.
 G = Mean time per level.
                   A        B        C        D        E       F      G
               +--------+--------+--------+--------+--------+-----+--------+
         Total |  13103 |  12911 |    192 |   5073 |   4779 |  14 |  935.9 |
       Dungeon |  11760 |  11568 |    192 |   4658 |   4366 |  12 |  980.0 |
        Temple |    233 |    233 |      0 |     83 |    140 |   1 |  233.0 |
         Sewer |   1109 |   1109 |      0 |    332 |    273 |   1 | 1109.0 |
               +--------+--------+--------+--------+--------+-----+--------+

Top non-repeatable levels by time:
     D:3: 1754 daAuts
     D:8: 1658 daAuts
     D:7: 1202 daAuts
     D:1: 1164 daAuts
     D:4: 1153 daAuts
   Sewer: 1109 daAuts
     D:6: 1086 daAuts
     D:2: 1051 daAuts
     D:9: 905 daAuts
     D:5: 897 daAuts
    D:10: 631 daAuts
  Temple: 233 daAuts
    D:11: 184 daAuts
    D:12: 70 daAuts
